 Dungeon Crawl Stone Soup version 0.23-a0-270-gab6feb3 (webtiles) character file.

68 technobutter the Shield-Bearer (level 4, -1/37 HPs)
             Began as a Barachi Fighter on Sept 30, 2018.
             Slain by Crazy Yiuf
             ... wielding a +3 quarterstaff of chaos
              (4 damage)
             ... on level 2 of the Dungeon.
             The game lasted 00:14:56 (1486 turns).

technobutter the Shield-Bearer (Barachi Fighter)    Turns: 1486, Time: 00:14:57

Health: -1/37      AC:  7    Str: 17    XL:     4   Next: 19%
Magic:  3/4        EV:  2    Int:  8    God:
Gold:   101        SH:  0    Dex: 13    Spells: 3/3 levels left

rFire    . . .     SeeInvis .   a - +0 long sword
rCold    . . .     Gourm    .   c - +0 shield
rNeg     + + +     Faith    .   b - +0 scale mail
rPois    ∞         Spirit   .   (no helmet)
rElec    .         Reflect  .   (no cloak)
rCorr    .         Harm     .   (no gloves)
MR       .....                  (no boots)
Stlth    ..........             (no amulet)
HPRegen  0.12/turn              (no ring)
MPRegen  0.09/turn              (no ring)

@: petrified, hasted, slow
A: +LOS, swims, slowness 1, strong legs 1
a: Hop


You were on level 2 of the Dungeon.
You were not hungry.

You visited 1 branch of the dungeon, and saw 2 of its levels.

You collected 101 gold pieces.

Inventory:

Hand Weapons
 a - a +0 long sword (weapon)
 l - a +2 spear of pain
Armour
 b - a +0 scale mail (worn)
 c - a +0 shield (worn)
 h - a +0 ring mail
Magical Staves
 n - an uncursed staff of wizardry {unknown}
Scrolls
 j - 2 scrolls of teleportation
 k - 2 scrolls of remove curse
 m - a scroll of enchant armour {unknown}
 o - a scroll of amnesia {unknown}
Potions
 d - a potion of might
 e - 2 potions of curing
 g - a potion of brilliance
 i - a potion of magic
Comestibles
 f - 3 rations


   Skills:
 + Level 4.0 Fighting
 + Level 2.8 Long Blades
 + Level 4.3 Armour
 + Level 0.3 Dodging
 + Level 4.4 Shields


You had 3 spell levels left.
You didn't know any spells.
Your spell library was empty.

Dungeon Overview and Level Annotations

Branches:
Dungeon (2/15)

Altars:
Gozag

Shops:
D:2 *

Annotations:
D:2 Crazy Yiuf


Innate Abilities, Weirdness & Mutations

Shadows flee at your approach. (+LOS)
You can swim through water.
You cover ground slowly.
You can hop short distances.


Message History

You hit Crazy Yiuf.
Crazy Yiuf is heavily wounded.
Crazy Yiuf hits you with a quarterstaff of chaos!
Crazy Yiuf freezes you.
* * * LOW HITPOINT WARNING * * *
Crazy Yiuf sings, "Trees, trees, trees, circus!"
Crazy Yiuf hits you with a quarterstaff of chaos.
* * * LOW HITPOINT WARNING * * *
You feel your power leaking away.
You have turned to stone.
Crazy Yiuf hits you with a quarterstaff of chaos.
* * * LOW HITPOINT WARNING * * *
You feel yourself speed up. Crazy Yiuf hits you but does no damage.
Crazy Yiuf hits you with a quarterstaff of chaos!
* * * LOW HITPOINT WARNING * * *
Crazy Yiuf burns you.
* * * LOW HITPOINT WARNING * * *
Crazy Yiuf hits you with a quarterstaff of chaos!
You die...

.....##...#
#........####
.....##...#
#..÷.....# #
.....######
#........# ....##
######...# ...##
#...# #### #...#
#### ♣♣##...#
#)..#♣♣ ♣♣P.#...#
#..g@.♣♣♣♣P......#
#...#♣..♣..P...###
#### ♣♣♣.♣.P.###
♣♣♣♣♣##


You could see Crazy Yiuf.

Vanquished Creatures
  2 adders (D:2)
  2 oozes
  2 dart slugs (D:1)
  A leopard gecko (D:2)
  4 bats
  A giant cockroach (D:1)
  4 goblins
  4 hobgoblins (D:2)
  2 jackals (D:2)
  4 kobolds
  A quokka (D:2)
  6 frilled lizards (D:2)
  5 rats
38 creatures vanquished.

Notes
Turn   | Place    | Note
-------+----------+-------------------------------------------
     0 | D:1      | technobutter the Barachi Fighter began the quest for the
                  | Orb.
     0 | D:1      | Reached XP level 1. HP: 18/18 MP: 1/1
   215 | D:1      | Reached XP level 2. HP: 24/25 MP: 2/2
   630 | D:2      | Reached XP level 3. HP: 27/30 MP: 3/3
   689 | D:2      | Found an opulent altar of Gozag.
   691 | D:2      | Found Gozag's Platinum Reserve.
  1018 | D:2      | Reached XP level 4. HP: 6/37 MP: 4/4
  1468 | D:2      | Found a runed door.
  1472 | D:2      | Noticed Crazy Yiuf
  1486 | D:2      | Slain by Crazy Yiuf

Vault maps used:
D:1:      lightli_arrival_windingriver, minmay_ruptured
D:2:      st_stairs_11, nicolae_gozag_zags_fifth_avenue, uniq_crazy_yiuf_cottage

Skill      XL: |  1  2  3 |
---------------+----------+-----
Armour         | 4 |  4.3
Fighting       | 4 |  4.0
Shields        | 4 |  4.4
Long Blades    | |  2.8
Dodging        | |  0.3

Action                   |  1- 3 |  4- 6 || total
-------------------------+-------+-------++-------
Melee: Long sword        |   143 |    24 ||   167
  Use: Scroll            |     6 |       ||     6
       Potion            |     1 |     1 ||     2
  Eat: Ration            |       |     1 ||     1
Armor: Scale mail        |    87 |    18 ||   105
Dodge: Dodged            |    45 |    13 ||    58
Block: Shield            |    96 |    13 ||   109
       Rpst.: Long sword |    15 |     5 ||    20

Table legend:
 A = Non-vault XP
 B = Vault XP
 C = Vault XP percentage of total XP
 D = Non-vault monster count
 E = Vault monster count
 F = Vault count percentage of total count
                 A         B        C        D         E       F
            +---------+---------+-------+---------+---------+-------
      Total |      84 |      14 |  14.3 |      32 |       6 |  15.8
            +---------+---------+-------+---------+---------+-------
        D:1 |      18 |       8 |  30.8 |       8 |       2 |  20.0
        D:2 |      66 |       6 |   8.3 |      24 |       4 |  14.3
            +---------+---------+-------+---------+---------+-------
